 Dungeon Crawl Stone Soup version 0.30-a0-845-g7c6808c8ce (webtiles) character file.

Game seed: 10384360683383796471

7116 greenreed the Thaumaturge (level 10, 0/44 HPs)
             Began as a Spriggan Earth Elementalist on Mar 2, 2023.
             Was a High Priest of Kikubaaqudgha.
             Slain by an orc knight
             ... wielding a +0 glaive
              (22 damage)
             ... on level 10 of the Dungeon.
             The game lasted 00:29:26 (13481 turns).

greenreed the Thaumaturge (SpEE)                   Turns: 13481, Time: 00:29:27

Health: 0/44       AC:  4    Str:  4    XL:     10   Next: 85%
Magic:  1/28       EV: 18    Int: 27    God:    Kikubaaqudgha [*****.]
Gold:   698        SH:  0    Dex: 16    Spells: 16/35 levels left

rFire   + . .      SeeInvis +    v - +6 dagger "Woobam" {freeze, Stlth+}
rCold   . . .      Faith    .    (no shield)
rNeg    + . .      Spirit   .    C - +2 robe {rF+}
rPois   .          Reflect  .    (helmet restricted)
rElec   .          Rampage  .    (no cloak)
rCorr   .                        (gloves unavailable)
Will    +....                    (boots unavailable)
Stlth   ++++                     (no amulet)
HPRegen 0.27/turn                r - +6 ring of intelligence
MPRegen 0.21/turn                H - ring of positive energy

@: very quick
A: very small, no large weapons, unfitting armour, see invisible, speed 3
a: Renounce Religion, Unearth Wretches, Torment


You were on level 10 of the Dungeon.
You worshipped Kikubaaqudgha.
Kikubaaqudgha was extremely pleased with you.
You visited 2 branches of the dungeon, and saw 11 of its levels.
You also visited: Sewer and Bailey.

You collected 698 gold pieces.

Inventory:

Hand Weapons
 j - a +2 vampiric whip
 v - the +6 dagger "Woobam" (weapon) {freeze, Stlth+}
   (You found it on level 4 of the Dungeon)

   Stlth:     It makes you more stealthy.
Missiles
 x - 5 throwing nets
 y - a boomerang of dispersal
 M - 4 datura-tipped darts
 N - 3 atropa-tipped darts
Armour
 C - a +2 robe of fire resistance (worn)
Jewellery
 r - a +6 ring of intelligence (left hand)
 H - a ring of positive energy (right hand)
 J - a +5 ring of evasion
 P - a ring of flight
Wands
 a - a wand of paralysis (2)
 d - a wand of roots (2)
 w - a wand of light (19)
 D - a wand of flame (20)
Scrolls
 c - 2 scrolls of vulnerability
 e - 6 scrolls of teleportation
 f - a scroll of blinking
 g - 3 scrolls of enchant weapon
 h - a scroll of silence
 i - 3 scrolls of enchant armour
 k - 2 scrolls of amnesia
 n - a scroll of poison
 t - 4 scrolls of magic mapping
 A - 3 scrolls of noise
 B - a scroll of fear
 I - a scroll of torment
 O - a scroll of fog {unknown}
Potions
 b - 7 potions of magic
 l - 3 potions of mutation {unknown}
 m - 7 potions of curing
 o - 6 potions of heal wounds {unknown}
 p - 6 potions of invisibility {unknown}
 q - 6 potions of resistance {unknown}
 s - 3 potions of lignification {unknown}
 u - a potion of ambrosia {unknown}
 z - 2 potions of attraction {unknown}
 E - 4 potions of brilliance {unknown}
 F - 4 potions of haste {unknown}
 G - a potion of might {unknown}
 K - a potion of flight {unknown}
 L - a potion of berserk rage


   Skills:
 + Level 0.2 Fighting
 + Level 3.7 Dodging
 + Level 4.7 Stealth
 * Level 13.4 Spellcasting
 + Level 2.6 Conjurations
 * Level 4.4 Necromancy
 + Level 1.3 Transmutations
 * Level 9.9 Earth Magic


You had 16 spell levels left.
You knew the following spells:

 Your Spells              Type           Power      Damage    Failure   Level
a - Sandblast             Erth           100%       2d20      1%          1
b - Passwall              Tmut/Erth      40%        N/A       1%          2
c - Stone Arrow           Conj/Erth      100%       3d13      1%          3
d - Borgnjor's Vile Clut  Necr/Erth      27%        N/A       4%          5
e - Animate Dead          Necr           41%        N/A       4%          4
f - Petrify               Tmut/Erth      48%        N/A       3%          4

Your spell library contained the following spells:

 Spells                   Type           Power      Damage    Failure   Level
 Necrotise                Necr           100%       1d9       1%          1
 Sublimation of Blood     Necr           41%        N/A       1%          2
 Vampiric Draining        Necr           41%        2d8       1%          3
 Freeze                   Ice            72%        1d8       3%          1
 Hailstorm                Conj/Ice       25%        3d7       5%          3
 Frozen Ramparts          Ice            36%        1d6       9%          3
 Anguish                  Hex/Necr       14%        N/A       12%         4
 Agony                    Necr           41%        N/A       14%         5
 Simulacrum               Ice/Necr       14%        N/A       88%         6


Dungeon Overview and Level Annotations

Branches:
Dungeon (10/15)            Temple (1/1) D:4            Lair (0/5) D:8
    Orc (0/2) D:10          Sewer (visited)          Bailey (visited)

Altars:
Ashenzari
Cheibriados
Dithmenos
Elyvilon
Fedhas
Gozag
Hepliaklqana
Kikubaaqudgha
Makhleb
Nemelex Xobeh
Okawaru
Qazlal
Ru
Sif Muna
Trog
Uskayaw
Vehumet
Wu Jian
Xom
Yredelemnul
Zin
The Shining One

Shops:
D:8 (   D:10 (

Annotations:
D:4 2 transporters, cforsyth's ghost, amateur KoBr
D:10 3 runed translucent doors, baller8008's ghost, journeyman DECj


Innate Abilities, Weirdness & Mutations

You are very small and have problems with some larger weapons.
You are too small for most types of armour.
You have supernaturally acute eyesight. (SInv)
You cover ground extremely quickly. (Speed+++)


Message History

Press: ? - help, Shift-Dir - straight line, f - orc knight
Aim: an orc knight, wielding a +0 glaive and wearing a +0 chain mail (100% to hit)
Zombie hands grab the orc knight.
The zombie hands constrict the orc knight, but do no damage.
The orc knight struggles to escape constriction.
The stone arrow hits the orc knight!!
The orc knight is moderately wounded.
The zombie hands constrict the orc knight!
The orc knight struggles to escape constriction.
The stone arrow hits the orc warrior!
The orc warrior is heavily wounded.
The zombie hands constrict the orc knight!
The orc knight struggles to escape constriction.
The stone arrow hits the orc warrior!!
You kill the orc warrior!
Kikubaaqudgha accepts your kill.
The zombie hands constrict the orc knight!
The orc knight escapes!
The stone arrow misses the orc knight.
The stone arrow hits the orc!!
You kill the orc!
Kikubaaqudgha accepts your kill. The orc knight barely misses you.
The stone arrow hits the orc knight!
The orc knight is almost dead.
The orc knight misses you.
The stone arrow misses the orc knight.
The orc knight hits you from afar with a +0 glaive!!
Ouch! That really hurt!
Casting: Stone Arrow (safe; 1% risk of failure)
Confirm with . or Enter, or press ? or * to list all spells.
The spell is quite dangerous to miscast (4% risk of failure)!
Continue anyway?
Aiming: Borgnjor's Vile Clutch (quite dangerous; 4% risk of failure)
Press: ? - help, Shift-Dir - straight line, f/p - orc knight
Aim: an orc knight, wielding a +0 glaive and wearing a +0 chain mail (almost dead, 100% to hit)
Zombie hands grab the orc knight.
The zombie hands constrict the orc knight.
The orc knight hits you from afar with a +0 glaive!!
Ouch! That really hurt!
You die...
Kikubaaqudgha rasps: "You have failed me!
Welcome... death!"

.......#.o...##
......###...## #....#
##.######## #...#
##.##.....# ##.#
###.........# ##
##....)......#
##......o.....##
##.........)....#
#..........@....#
######..............##
#.##..##............#
..#..#####.........##
...#..# ###......##
......# ##.###..##
......# ### ##..#
###...# ###.## Kc#..##
##....#


You could see an orc knight (clutched).

Vanquished Creatures
  Harold (D:10)
  A hornet (D:9)
  Sigmund (D:6)
  A wyvern (D:9)
  5 humans (D:6)
  3 steam dragons
  Menkaure (D:4)
  A water moccasin (D:6)
  Duvessa (D:6)
  8 orc warriors
  An ice beast (D:6)
  A sky beast (D:8)
  2 black bears
  3 ogres
  4 centaurs
  A kobold brigand (D:8)
  5 bullfrogs
  A gnoll sergeant (D:6)
  2 scorpions
  10 wights
  Dowan (D:6)
  11 killer bees
  2 electric eels (D:8)
  2 hounds (D:5)
  Crazy Yiuf (D:2)
  5 orc priests
  A sleepcap (D:6)
  Ijyb (D:3)
  4 iguanas
  Natasha (twice) (D:2)
  6 orc wizards
  Robin (D:3)
  16 gnolls
  14 adders
  6 river rats (Sewer)
  A white imp (D:8)
  An ufetubus (D:6)
  4 worms
  2 dart slugs (D:1)
  68 orcs
  15 ball pythons
  8 endoplasms
  3 giant cockroaches
  16 goblins
  5 hobgoblins
  2 jackals (D:3)
  4 quokkas
  6 bats
  6 frilled lizards
  13 kobolds
  34 rats
314 creatures vanquished.

Vanquished Creatures (collateral kills)
  An orc priest (D:8)
1 creature vanquished.

Vanquished Creatures (others)
  An ogre zombie (D:8)
  4 orc zombies (D:8)
5 creatures vanquished.

Grand Total: 320 creatures vanquished

Notes
Turn   | Place    | Note
-------+----------+-------------------------------------------
     0 | D:1      | greenreed the Spriggan Earth Elementalist began the quest
                  | for the Orb.
     0 | D:1      | Reached XP level 1. HP: 9/9 MP: 5/5
   196 | D:1      | Reached XP level 2. HP: 13/13 MP: 3/6
   286 | D:1      | Reached skill level 3 in Spellcasting
   900 | D:2      | You fall into a shaft and drop 2 floors!
   939 | D:4      | Reached XP level 3. HP: 16/16 MP: 2/8
   940 | D:4      | Noticed an orc warrior
  1018 | D:3      | Reached XP level 4. HP: 21/21 MP: 0/10
  1119 | D:3      | Reached skill level 4 in Spellcasting
  1216 | D:3      | Noticed Robin
  1253 | D:3      | Killed Robin
  1670 | D:3      | Found a basalt altar of Yredelemnul.
  1671 | D:3      | Found a shimmering blue altar of Sif Muna.
  1753 | D:3      | Reached XP level 5. HP: 24/24 MP: 8/12
  2151 | D:3      | Noticed Ijyb
  2259 | D:2      | Found a faded altar of an unknown god.
  2373 | D:2      | Found a runed translucent door.
  2374 | D:2      | Noticed Crazy Yiuf
  2517 | D:2      | Noticed Natasha
  2522 | D:2      | Killed Natasha
  2523 | D:2      | Reached skill level 5 in Spellcasting
  2662 | D:2      | Found an ornate altar of the Wu Jian Council.
  2907 | D:2      | Noticed Natasha
  2917 | D:2      | Killed Natasha
  3063 | D:2      | Killed Crazy Yiuf
  3064 | D:2      | Reached XP level 6. HP: 28/28 MP: 11/15
  3333 | D:3      | Killed Ijyb
  3422 | D:3      | Learned a level 2 spell: Passwall
  3571 | D:4      | Found a staircase to the Ecumenical Temple.
  3832 | D:4      | Noticed Menkaure
  3837 | D:4      | Killed Menkaure
  3838 | D:4      | Reached skill level 6 in Spellcasting
  3838 | D:4      | Reached skill level 5 in Earth Magic
  4033 | D:4      | Killed an orc warrior
  4034 | D:4      | Reached XP level 7. HP: 15/32 MP: 9/18
  4305 | D:4      | Found a transporter.
  4306 | D:4      | Noticed cforsyth's ghost (amateur KoBr)
  4309 | D:4      | Identified the +6 dagger "Woobam" {freeze, Stlth+}
  4314 | D:4      | Found a transporter.
  4472 | Temple   | Entered the Ecumenical Temple
  4773 | Temple   | Became a worshipper of Kikubaaqudgha
  4851 | D:4      | Learned a level 3 spell: Stone Arrow
  4863 | D:5      | Entered Level 5 of the Dungeon
  4898 | D:5      | Found an ornate altar of the Wu Jian Council.
  4930 | D:5      | Reached skill level 7 in Spellcasting
  5157 | D:5      | Reached skill level 8 in Spellcasting
  5177 | D:5      | Reached XP level 8. HP: 36/36 MP: 15/21
  5929 | D:6      | Reached * piety under Kikubaaqudgha
  5929 | D:6      | Received a gift from Kikubaaqudgha
  6022 | D:6      | Found a glowing drain.
  6026 | Sewer    | Entered a sewer
  6194 | Sewer    | Reached ** piety under Kikubaaqudgha
  6351 | Sewer    | Reached skill level 1 in Necromancy
  6421 | Sewer    | Reached skill level 9 in Spellcasting
  6924 | D:6      | Reached skill level 10 in Spellcasting
  7053 | D:6      | Noticed Duvessa
  7056 | D:6      | Noticed Dowan
  7066 | D:6      | Killed Duvessa
  7066 | D:6      | Reached *** piety under Kikubaaqudgha
  7066 | D:6      | Received a gift from Kikubaaqudgha
  7192 | D:6      | Reached XP level 9. HP: 29/39 MP: 21/24
  7195 | D:6      | Killed Dowan
  7296 | D:6      | Noticed Sigmund
  7303 | D:6      | Killed Sigmund
  7354 | D:6      | Paralysed by a human for 4 turns
  7638 | D:6      | Reached skill level 11 in Spellcasting
  7806 | D:6      | Learned a level 5 spell: Borgnjor's Vile Clutch
  7811 | D:6      | Learned a level 4 spell: Animate Dead
  7816 | D:6      | Learned a level 4 spell: Petrify
  7899 | D:7      | Found a flagged portal.
  8008 | Bailey   | Entered a bailey
  8768 | Bailey   | Reached **** piety under Kikubaaqudgha
  9311 | D:7      | Found a snail-covered altar of Cheibriados.
  9511 | D:7      | Reached skill level 1 in Conjurations
  9885 | D:8      | Reached XP level 10. HP: 44/44 MP: 22/26
  9982 | D:8      | Found Ekig's Weapon Boutique.
 10039 | D:8      | Found a radiant altar of Vehumet.
 10067 | D:8      | Reached skill level 12 in Spellcasting
 10128 | D:8      | Found a staircase to the Lair.
 11027 | D:8      | Reached ***** piety under Kikubaaqudgha
 11706 | D:9      | Found a sparkling altar of Nemelex Xobeh.
 12278 | D:9      | Reached skill level 13 in Spellcasting
 12866 | D:10     | Entered Level 10 of the Dungeon
 13022 | D:10     | Noticed Harold
 13027 | D:10     | Killed Harold
 13266 | D:10     | Noticed baller8008's ghost (journeyman DECj)
 13270 | D:10     | Found a runed translucent gate.
 13270 | D:10     | Found a runed translucent gate.
 13270 | D:10     | Found a runed translucent gate.
 13350 | D:10     | Found a staircase to the Orcish Mines.
 13351 | D:10     | Found Olett's Weapon Shoppe.
 13353 | D:10     | Noticed an orc knight
 13481 | D:10     | Slain by an orc knight

Illustrated notes

Levels and vault maps discovered:
D:1:      scummos_arrival_star, layout_loops_ring
D:2:      layout_loops_ring, basic_altar, shapermc_ecumenical_altar_notcrosses,
          uniq_natasha, uniq_crazy_yiuf_cottage
D:3:      layout_basic, gammafunk_temple_overflow_pools, hangedman_decor_push,
          grunt_ministairs_13, columned_hall_lemuel, uniq_robin, uniq_ijyb
D:4:      layout_loops_cross, minmay_temple_entry_junction_2,
          gammafunk_ghost_smash, minivault_4, uniq_menkaure
D:5:      layout_basic, mainiacjoe_overflow_concentric_impassable
D:6:      layout_cave_pools, gup_sewer_entry_bowl, minmay_ruffians,
          uniq_duvessa, uniq_sigmund
D:7:      layout_cave_pods, cheibrodos_worm_habitat, enter_bailey_3
D:8:      layout_loops_ring, mainiacjoe_overflow_six_doors_small,
          dpeg_oklobed_lair, special_room [special_room_orc], serial_shops,
          shop_coins, kennysheep_small_spiral, dk_noncrumbling_4,
          minmay_misc_feat_encased, serial_bayou_pond_e
D:9:      layout_grid_maze, general_overflow_altar
D:10:     nicolae_cairo_tiling, layout_cave_pods, orc_david_3,
          gammafunk_ghost_split, uniq_erolcha, uniq_harold
Temple:   minmay_temple_bridge_d

Skill      XL: |  1  2  3  4  5  6  7  8  9 10 |
---------------+-------------------------------+-----
Earth Magic    | 3 4 5 6 7 9 |  9.9
Spellcasting   | 3 4 5 6 8 10 11 13 | 13.4
Necromancy     | 2 3 4 |  4.4
Dodging        | 3 |  3.7
Stealth        | 4 |  4.7
Conjurations   | 1 2 |  2.6
Fighting       | |  0.2
Transmutations | |  1.3

Action                     |  1- 3 |  4- 6 |  7- 9 | 10-12 || total
---------------------------+-------+-------+-------+-------++-------
  Melee: Unarmed           |       |     1 |       |       ||     1
         Dagger            |       |       |     4 |       ||     4
   Cast: Sandblast         |    33 |   148 |   178 |    27 ||   386
         Stone Arrow       |       |       |    65 |    92 ||   157
         Borgnjor's Vile C |       |       |       |     3 ||     3
         Animate Dead      |       |       |       |     1 ||     1
    Use: Scroll            |       |       |       |    13 ||    13
 Armour: Robe              |       |     1 |     9 |     1 ||    11
  Dodge: Dodged            |    13 |    34 |    93 |    28 ||   168

Table legend: (Time is in decaauts)
 A = Elapsed time spent in this place.
 B = Non-inter-level travel time spent in this place.
 C = Inter-level travel time spent in this place.
 D = Time resting spent in this place.
 E = Time spent auto-exploring this place.
 F = Levels seen in this place.
 G = Mean time per level.
                   A        B        C        D        E       F      G
               +--------+--------+--------+--------+--------+-----+--------+
         Total |  10593 |  10212 |    381 |    956 |   7633 |  13 |  814.8 |
       Dungeon |   9114 |   8822 |    292 |    857 |   6569 |  10 |  911.4 |
        Temple |    225 |    137 |     88 |      0 |    129 |   1 |  225.0 |
         Sewer |    474 |    474 |      0 |      0 |    324 |   1 |  474.0 |
        Bailey |    779 |    779 |      0 |     99 |    610 |   1 |  779.0 |
               +--------+--------+--------+--------+--------+-----+--------+

Top non-repeatable levels by time:
     D:3: 1327 daAuts
     D:8: 1215 daAuts
     D:5: 1147 daAuts
     D:9: 1059 daAuts
     D:7: 1026 daAuts
     D:6: 858 daAuts
     D:2: 792 daAuts
  Bailey: 779 daAuts
     D:4: 747 daAuts
     D:1: 549 daAuts
   Sewer: 474 daAuts
    D:10: 389 daAuts
  Temple: 225 daAuts
